[Event "Late-Titled-Tuesday-Blitz-June-18-2024"]
[Site "Chess.com"]
[Date "2024.06.18"]
[Round "2"]
[White "Mikhail_Golubev"]
[Black "Millerkallpa"]
[Result "1-0"]
[WhiteElo "2664"]
[BlackElo "2212"]
[TimeControl "180+1"]
[EndTime "14:18:58 PDT"]
[Termination "Mikhail_Golubev won on time"]

1. e4 e5 2. Nf3 Nc6 3. Bc4 Bc5 4. c3 Nf6 5. d3 d6 6. Nbd2 a6 7. h3 Ba7 8. Bb3 Ne7 9. Nf1 Ng6 10. Ng3 Be6 11. Bxe6 fxe6 12. Qb3 Qc8 13. Ng5 Ke7 14. Be3 h6 15. Nf3 Rf8 16. d4 Kf7 17. dxe5 dxe5 18.
Bxa7 Rxa7 19. O-O-O Kg8 20. Rd2 Nf4 21. Nxe5 Nxg2 22. Nf5 Qe8 23. Rg1 Nxe4 24. Nxh6+ gxh6 25. Rxg2+ Kh7 26. Rd7+ Kh8 27. Ng6+ Kg8 28. Nxf8+ Kxf8 29. Qd1 Nd6 30. Qf3+ Nf7 31. Rd4 c5 32. Rdg4 b5 33.
Qf6 1-0

[Event "Late-Titled-Tuesday-Blitz-June-18-2024"]
[Site "Chess.com"]
[Date "2024.06.18"]
[Round "2"]
[White "poseidon5191"]
[Black "Defenstrator"]
[Result "0-1"]
[WhiteElo "2635"]
[BlackElo "2393"]
[TimeControl "180+1"]
[EndTime "14:18:59 PDT"]
[Termination "Defenstrator won by resignation"]

1. e4 d6 2. d4 Nd7 3. Nc3 e5 4. Nf3 Ngf6 5. Rg1 h5 6. Bc4 c6 7. a4 Be7 8. h3 Qc7 9. Ng5 d5 10. exd5 cxd5 11. Bxd5 Nxd5 12. Nxd5 Qa5+ 13. Nc3 exd4 14.
Qxd4 Bxg5 15. Qxg7 Bf6 16. Qg3 Qe5+ 17. Qxe5+ Bxe5 18. Bd2 Nf6 19. O-O-O Be6 20. Rge1 Bb8 21. Nb5 O-O 22. Nd4 Re8 23. Bg5 Nd5 24. Nxe6 Rxe6 25.
g3 Bc7 26. Rxe6 fxe6 27. c4 Nb6 28. b3 a5 29. Be3 Rd8 30. Re1 Nd7 31. Bg5 Re8 32. f4 Nc5 33. Kc2 Bd8 34. Re5 b6 35. Bxd8 Rxd8 36. Rxh5 Rd4 37. f5 e5 38. f6 e4 39. g4 e3 40. Re5 Ne4 41. g5 e2 42.
g6 Rd2+ 0-1

[Event "Late-Titled-Tuesday-Blitz-June-18-2024"]
[Site "Chess.com"]
[Date "2024.06.18"]
[Round "2"]
[White "GM_dmitrij"]
[Black "soloderisas"]
[Result "0-1"]
[WhiteElo "3044"]
[BlackElo "2653"]
[TimeControl "180+1"]
[EndTime "14:19:04 PDT"]
[Termination "soloderisas won by resignation"]

1. c4 Nc6 2. g3 e5 3. Bg2 g6 4.
Nc3 Bg7 5. e3 d6 6. Nge2 Be6 7.
Nd5 Qd7 8. h3 Nd8 9. b3 c6 10.
Ndc3 Ne7 11. d4 d5 12. cxd5 Nxd5 13. Ne4 O-O 14. Nc5 Qc7 15. O-O b6 16. Nxe6 Nxe6 17. e4 Ne7 18. dxe5 Rad8 19. Qc2 Bxe5 20. Rb1 c5 21.
Bh6 Rfe8 22. f4 Bh8 23. e5 Nf5 24. Bg5 Nxg5 25. fxg5 Ne3 26. Qc1 Nxf1 27. Bxf1 Qxe5 28. h4 Qe3+ 29. Qxe3 Rxe3 30. Kf2 Bd4 31. Kg2 Kg7 32.
Nf4 Be5 33. Ne2 Rd2 34. Kf2 Bd4 35. Ke1 Rxa2 36. b4 cxb4 37. Kd1 Ra1 38. Rxa1 Bxa1 39. Kd2 Re5 0-1

[Event "Late-Titled-Tuesday-Blitz-June-18-2024"]
[Site "Chess.com"]
[Date "2024.06.18"]
[Round "2"]
[White "ACollins05"]
[Black "stollenmonster"]
[Result "0-1"]
[WhiteElo "2408"]
[BlackElo "2902"]
[TimeControl "180+1"]
[EndTime "14:19:04 PDT"]
[Termination "stollenmonster won by resignation"]

1. d4 Nf6 2. c4 e6 3. Nf3 d5 4. g3 Ne4 5. Bg2 Be7 6. O-O O-O 7.
Nc3 f5 8. Bf4 c6 9. Rc1 Bd7 10.
Ne5 Be8 11. f3 Nxc3 12. bxc3 g5 13. Be3 Nd7 14. f4 Nxe5 15. fxe5 dxc4 16. Qa4 b5 17. Qa6 Qb6 18. Qxb6 axb6 19. Rc2 Ra5 20. Bd2 Bd7 21.
e4 fxe4 22. Bxe4 Raa8 23. Be3 Rxf1+ 24. Kxf1 h6 25. Rf2 Ra3 26. Rc2 b4 27. Bd2 b3 28.
axb3 cxb3 29. Rc1 c5 30. Bd3 b5 31. dxc5 Bxc5 32. Rb1 Ra2 33. Ke1 b2 34. Kd1 b4 35.
cxb4 Ba4+ 36. Ke2 Bd4 37. Bc4 Ra1 38. Bxe6+ Kg7 39. Bf5 Bxe5 40. Bd3 Bb3 41. b5 Ba2 42.
Rxb2 Bxb2 43. b6 Bd5 44. Bc4 Bxc4+ 45. Ke3 Bd5 0-1

[Event "Late-Titled-Tuesday-Blitz-June-18-2024"]
[Site "Chess.com"]
[Date "2024.06.18"]
[Round "2"]
[White "SilverCityIndigo"]
[Black "NikitaShnadrygin"]
[Result "1-0"]
[WhiteElo "2409"]
[BlackElo "2720"]
[TimeControl "180+1"]
[EndTime "14:19:04 PDT"]
[Termination "SilverCityIndigo won by resignation"]

1. d4 d5 2. Nf3 Nc6 3. Bg5 Bg4 4.
e3 f6 5. Bh4 e6 6. Be2 Bd6 7. Bg3 Nge7 8. Nbd2 O-O 9. c4 dxc4 10. Bxc4 Kh8 11. h3 Bxf3 12. Qxf3 e5 13. d5 Nb8 14. O-O-O Nd7 15. Kb1 f5 16. Bh4 Nf6 17.
Bxf6 Rxf6 18. g4 Qd7 19. g5 Rff8 20. h4 e4 21. Qh3 Rad8 22. Bb3 b5 23. h5 a5 24. a3 a4 25. Ba2 Qe8 26. h6 g6 27.
f4 Rb8 28. Ka1 b4 29. Nc4 bxa3 30. bxa3 Qb5 31. Rb1 Qc5 32. Qg2 Rxb1+ 33. Rxb1 Kg8 34. Qd2 Kf7 35. Qc3 Nc8 36. Qg7+ Ke8 37. Rb8 Kd8 38.
Qxh7 Qa7 39. Rxc8+ Kxc8 40. Qg7 Qc5 41. h7 Kb7 42. h8=Q Rxh8 43. Qxh8 Qxd5 44. Qc3 Qd1+ 45. Kb2 Qe2+ 46. Qc2 Qf1 47. Nxd6+ cxd6 48. Bd5+ Ka7 49.
Qc7+ Ka6 50. Bc4+ 1-0

[Event "Late-Titled-Tuesday-Blitz-June-18-2024"]
[Site "Chess.com"]
[Date "2024.06.18"]
[Round "2"]
[White "gabduschew"]
[Black "Crasyhealer"]
[Result "1-0"]
[WhiteElo "2351"]
[BlackElo "2513"]
[TimeControl "180+1"]
[EndTime "14:19:04 PDT"]
[Termination "gabduschew won by checkmate"]

1. e4 e5 2. Nf3 Nc6 3. d4 exd4 4.
Nxd4 Nf6 5. Nxc6 bxc6 6. e5 Nd5 7. c4 Nb6 8. b3 Bb4+ 9. Bd2 Bxd2+ 10. Nxd2 Qe7 11.
f4 d6 12. Nf3 Bg4 13. Be2 O-O 14. exd6 cxd6 15. Qd2 Rfe8 16. Kf2 d5 17. Rhe1 Bxf3 18. Bxf3 Qc5+ 19. Kg3 dxc4 20. Rac1 Rxe1 21. Qxe1 Rd8 22. bxc4 Qa3 23. Rd1 Rxd1 24. Qxd1 h6 25. Qb3 Qc1 26.
Qd3 Qe1+ 27. Kh3 Qe6+ 28. f5 Qxc4 29. Qxc4 Nxc4 30. Bxc6 Kf8 31. Kg3 Ke7 32. Kf4 Kd6 33. Ba4 Kc5 34. Bb3 a5 35. f6 g6 36. h4 Kb4 37. g4 a4 38. Bxc4 Kxc4 39. Ke5 Kc5 40. a3 Kc4 41. Kd6 Kb3 42. Ke7 Kxa3 43. Kxf7 Kb2 44. Kxg6 a3 45. f7 a2 46. f8=Q a1=Q 47. Qf6+ Kb1 48. Qxa1+ Kxa1 49. Kxh6 Kb2 50. Kg6 Kc3 51. g5 Kd4 52. h5 Ke4 53. h6 Ke5 54. h7 Ke4 55. h8=Q Kf4 56. Qf6+ Kg4 57.
Kf7 Kh5 58. g6 Kh6 59. g7+ Kh5 60. Qg6+ Kh4 61. g8=Q Kh3 62. Q6h7# 1-0

[Event "Late-Titled-Tuesday-Blitz-June-18-2024"]
[Site "Chess.com"]
[Date "2024.06.18"]
[Round "2"]
[White "ArchibaldCerveza29"]
[Black "chessbaerchen"]
[Result "1-0"]
[WhiteElo "2400"]
[BlackElo "2670"]
[TimeControl "180+1"]
[EndTime "14:19:05 PDT"]
[Termination "ArchibaldCerveza29 won by checkmate"]

1. d4 e6 2. e4 d5 3. Nd2 Be7 4. Ngf3 Nf6 5. Bd3 c5 6. c3 cxd4 7. cxd4 dxe4 8. Nxe4 Nc6 9. O-O O-O 10. Nc3 h6 11.
Re1 a6 12. Be3 Nd5 13. Bd2 Ndb4 14. Bb1 Nxd4 15. Bxh6 Nxf3+ 16. Qxf3 gxh6 17. Qh5 Qd2 18. Re3 Bg5 19. Bh7+ Kg7 20. Ne4 Qd5 21. Nxg5 hxg5 22. Rg3 Kf6 23. Rd1 Qe5 24. Re3 Qxb2 25. h4 Ke7 26. Qxg5+ f6 27. Qc5+ Kf7 28. Bg6+ Kxg6 29. Qxf8 Nc6 30. Rg3+ Kf5 31. Qg7 Ke5 32. Re3+ Kf5 33.
g4+ Kf4 34. Qh6+ Kxg4 35. Qg6+ Kf4 36. Qg3+ Kf5 37. Rf3+ Ke4 38. Qf4# 1-0

[Event "Late-Titled-Tuesday-Blitz-June-18-2024"]
[Site "Chess.com"]
[Date "2024.06.18"]
[Round "2"]
[White "aexmi"]
[Black "vesalhamedinia"]
[Result "1-0"]
[WhiteElo "2290"]
[BlackElo "2489"]
[TimeControl "180+1"]
[EndTime "14:19:05 PDT"]
[Termination "aexmi won by resignation"]

1. d4 d5 2. Bf4 Nf6 3. e3 Bf5 4. c4 e6 5. Nc3 c6 6. Qb3 Qc8 7. Rc1 Nbd7 8. Nf3 Be7 9. Be2 O-O 10. O-O h6 11. h3 a5 12. Ne5 Nxe5 13. dxe5 Ne4 14.
cxd5 Nd2 15. Qd1 Nxf1 16. d6 Nxe3 17. Bxe3 Bd8 18. Na4 f6 19. f4 fxe5 20. fxe5 Qd7 21. g4 Bg6 22. Nc5 Qf7 23. Bc4 Qf3 24. Bxe6+ Kh7 25. Qxf3 Rxf3 26. Bf2 Bg5 27. Rd1 Bf4 28. Kg2 Rxf2+ 29. Kxf2 Bxe5 30. d7 Bf6 31. Nxb7 Bd8 32. Nxd8 Rxd8 33. Rd6 c5 34. Rc6 Bb1 35. Rc8 Rxd7 36.
Bxd7 Kg6 37. Bf5+ Bxf5 38. gxf5+ Kxf5 39. Rxc5+ Ke4 40. Rxa5 g5 41. Kg3 Ke3 42. b4 Kd4 43. b5 Kc5 44. a4 h5 45. Ra6 h4+ 46. Kg4 Kd4 47. Kxg5 Ke4 48. Kxh4 Kf3 49. Rc6 Kg2 50. b6 1-0

[Event "Late-Titled-Tuesday-Blitz-June-18-2024"]
[Site "Chess.com"]
[Date "2024.06.18"]
[Round "2"]
[White "Chaubunagungamaug1"]
[Black "Alina_Gumerovna"]
[Result "0-1"]
[WhiteElo "2464"]
[BlackElo "2204"]
[TimeControl "180+1"]
[EndTime "14:19:05 PDT"]
[Termination "Alina_Gumerovna won by resignation"]

1. e4 e5 2. Nf3 Nf6 3. Nxe5 Nxe4 4. Qe2 Qe7 5. Qxe4 d6 6. d4 dxe5 7. dxe5 Nc6 8. Bb5 Bd7 9. O-O O-O-O 10. Re1 Nxe5 11. Ba6 Bc6 12. Qf5+ Kb8 13. Rxe5 bxa6 14.
Nc3 Qb4 15. Be3 Bd6 16. Ra5 g6 17. a3 Qh4 18. Qh3 Qxh3 19. gxh3 Bb7 20. b4 f6 21. b5 Be5 22. bxa6 Bxc3 23. Rb1 Bxa5 24. Rxb7+ Kc8 25. Rxa7 Kd7 26. Rb7 Ra8 27. a7 Rhc8 28. Rb5 Bb6 29. Bxb6 cxb6 30. Rxb6 Rxa7 31. Rb3 Ke7 32.
c3 Rcc7 33. Kg2 Rab7 34. Rxb7 Rxb7 35. Kf3 Rc7 36. a4 Rxc3+ 37. Kg2 Ra3 38. h4 Rxa4 39. Kg3 h5 40. h3 Ke6 41. f3 Kf5 0-1

[Event "Late-Titled-Tuesday-Blitz-June-18-2024"]
[Site "Chess.com"]
[Date "2024.06.18"]
[Round "2"]
[White "Kaustubh_Kodihalli"]
[Black "lamomiajunior"]
[Result "1-0"]
[WhiteElo "2374"]
[BlackElo "2684"]
[TimeControl "180+1"]
[EndTime "14:19:08 PDT"]
[Termination "Kaustubh_Kodihalli won by checkmate"]

1. e4 c6 2. d4 g6 3. Nc3 Bg7 4. f4 d5 5. e5 h5 6. Nf3 Bg4 7. h3 Bxf3 8. Qxf3 e6 9. g3 Nh6 10. Be3 Nd7 11. O-O-O Bf8 12. g4 Bb4 13. Ne2 h4 14.
Kb1 Qc7 15. Nc1 O-O-O 16. Bd3 c5 17. c3 cxd4 18. Bxd4 Bc5 19. Nb3 Bxd4 20. Nxd4 a6 21.
Rde1 Kb8 22. Rhf1 Ng8 23. Bxg6 Nc5 24. Bc2 Ne7 25. f5 Nc6 26. fxe6 fxe6 27. Nxc6+ Qxc6 28. g5 Qc7 29. g6 Ka7 30. Qf7 Rd7 31. g7 Rg8 32.
Qxg8 Rxg7 33. Qf8 Rd7 34. Qf2 Kb8 35. Qxh4 a5 36. Qd4 Rg7 37. h4 Rg2 38. Rg1 Rh2 39.
Rg8+ Ka7 40. b4 b6 41. bxc5 bxc5 42. Qg4 Qb6+ 43. Kc1 Ka6 44. Ra8+ Kb7 45. Qg8 Qc7 46. Rf8 Kb6 47. Qxe6+ Kb5 48. Qxd5 Rxh4 49. Qb3+ Kc6 50. Rf6+ Kd7 51. Qe6+ Kd8 52. Rf8# 1-0

[Event "Late-Titled-Tuesday-Blitz-June-18-2024"]
[Site "Chess.com"]
[Date "2024.06.18"]
[Round "2"]
[White "unkiyto"]
[Black "CoachVadim"]
[Result "0-1"]
[WhiteElo "2633"]
[BlackElo "2392"]
[TimeControl "180+1"]
[EndTime "14:19:08 PDT"]
[Termination "CoachVadim won by resignation"]

1. e4 c5 2. Nf3 d6 3. d4 cxd4 4. Nxd4 Nf6 5. Nc3 a6 6. Be3 e5 7. Nb3 Be7 8. f3 O-O 9. Qd2 Be6 10. O-O-O Nbd7 11. g4 b5 12. g5 b4 13. gxf6 bxc3 14. Qxc3 Nxf6 15. Na5 Rc8 16. Nc6 Qc7 17. Nxe7+ Qxe7 18. Qa5 Rc6 19. Bd3 d5 20. exd5 Bxd5 21.
Be2 Rfc8 22. c3 e4 23. f4 Be6 24. Rhg1 Nd7 25. f5 Bc4 26. Bxc4 Rxc4 27. Bh6 g6 28. fxg6 hxg6 29. Qd5 Ne5 30. Bg5 Rxc3+ 31. bxc3 Qa3+ 32. Kd2 Qxc3+ 33. Ke2 Qf3+ 34. Ke1 Rc2 35. Rd2 Nd3+ 36. Qxd3 exd3 37. Rxc2 dxc2 38. Kd2 Qf2+ 39. Kc1 Qxg1+ 40.
Kxc2 Qxg5 0-1

[Event "Late-Titled-Tuesday-Blitz-June-18-2024"]
[Site "Chess.com"]
[Date "2024.06.18"]
[Round "2"]
[White "Bigfish1995"]
[Black "CrimeFightingSpider07"]
[Result "1-0"]
[WhiteElo "3100"]
[BlackElo "2527"]
[TimeControl "180+1"]
[EndTime "14:19:09 PDT"]
[Termination "Bigfish1995 won by resignation"]

1. e4 e5 2. Nf3 Nf6 3. Nc3 Nc6 4. Bb5 Nd4 5. O-O Nxb5 6. Nxb5 d6 7. d4 exd4 8.
Nfxd4 a6 9. Nc3 Be7 10. Qf3 O-O 11. h3 c6 12. Bf4 Nd7 13. Rad1 Ne5 14. Bxe5 dxe5 15.
Nxc6 Qe8 16. Nxe7+ Qxe7 17. Nd5 Qc5 18. b4 Qxc2 19.
Ne7+ Kh8 20. Qxf7 Bg4 21. Rc1 Qxe4 22. Qd5 Qxb4 23. Rc7 Be2 24. Qxe5 Qb6 25. Nd5 Qh6 26. Qxe2 Rae8 27. Rf7 Qd6 28. Qe7 Qxe7 29. Rxe7 Rd8 30. Ne3 Rd2 31. Rxb7 Rxa2 32. Ra7 a5 33. g3 a4 34. h4 h6 35. h5 Rb8 36. Nf5 Rb5 37.
Nxg7 Rg5 38. Ne6 Rxh5 39. Rc1 1-0

[Event "Late-Titled-Tuesday-Blitz-June-18-2024"]
[Site "Chess.com"]
[Date "2024.06.18"]
[Round "2"]
[White "Sl4werThanYou"]
[Black "pirulillo"]
[Result "1-0"]
[WhiteElo "2713"]
[BlackElo "2388"]
[TimeControl "180+1"]
[EndTime "14:19:10 PDT"]
[Termination "Sl4werThanYou won by resignation"]

1. e4 c5 2. Nf3 e6 3. d4 cxd4 4. Nxd4 Nf6 5. Nd2 Nc6 6. Nxc6 bxc6 7. Bd3 d6 8. O-O e5 9. c4 Be7 10. h3 O-O 11. Re1 Nd7 12. Rb1 Nc5 13. Bc2 a5 14. b3 Ne6 15. Nf3 c5 16. a3 Rb8 17. Bd2 Qc7 18. Bd3 Bd7 19. Bc3 Qa7 20. Qd2 Bd8 21. Bf1 Nd4 22. Bxd4 cxd4 23. b4 axb4 24. axb4 Be6 25.
Rec1 Be7 26. b5 Bd8 27. Ra1 Qb7 28. Bd3 Bb6 29. Ra6 Bc8 30. Rca1 Qc7 31. R6a4 Bb7 32. Nh2 Ra8 33. Ng4 Rxa4 34. Rxa4 Ra8 35. Rxa8+ Bxa8 36. Qg5 Kh8 37. f4 f6 38. Qh5 Qe7 39. Qf5 Bb7 40.
fxe5 dxe5 41. Kh2 Bd8 42. Qf1 h5 43. Nf2 g6 44. Qa1 Bb6 45. Kh1 Kg7 46. Nd1 Qb4 47. Nb2 Qc3 48. Qb1 h4 49. Na4 Qa5 50. Nxb6 Qxb6 51. Qb4 Qd8 52. c5 f5 53. c6 Qg5 54.
Qc5 Qe3 55. Qxe5+ Kh6 56. cxb7 Qxd3 57. b8=Q Qd1+ 58. Kh2 1-0

[Event "Late-Titled-Tuesday-Blitz-June-18-2024"]
[Site "Chess.com"]
[Date "2024.06.18"]
[Round "2"]
[White "sirinbaba33"]
[Black "Finejupiter"]
[Result "1-0"]
[WhiteElo "2433"]
[BlackElo "1937"]
[TimeControl "180+1"]
[EndTime "14:19:11 PDT"]
[Termination "sirinbaba33 won on time"]

1. e4 e5 2. Nf3 Nc6 3. Bc4 Bc5 4. c3 Nf6 5. d3 h6 6. b4 Bb6 7. b5 Ne7 8. Nxe5 O-O 9. O-O d5 10. exd5 Nexd5 11. h3 Be6 12. Qb3 Re8 13. Nf3 Qd7 14. d4 c6 15. Ne5 Qc7 16. f4 cxb5 17. Bxb5 Ne3 18. Qa4 Nxf1 19. Bxe8 Ng3 20. Bb5 Nd5 21. Qc4 Qd6 22. Qd3 Nh5 23. Qf3 Nhf6 24. Bd2 Rc8 25.
Nc4 Qc7 26. Nxb6 Qxb6 27. Bd3 Ne7 28. Bc1 Bd5 29. Qe2 Ng6 30. Bxg6 fxg6 31. Be3 Bc4 32. Qc2 Re8 33. Nd2 Qc6 34. Re1 Bd5 35. c4 Bxg2 36.
d5 Nxd5 37. Qd3 Nxe3 38. Rxe3 Rxe3 39. Qxe3 1-0

[Event "Late-Titled-Tuesday-Blitz-June-18-2024"]
[Site "Chess.com"]
[Date "2024.06.18"]
[Round "2"]
[White "yoursillykitten"]
[Black "kinga2008"]
[Result "1-0"]
[WhiteElo "2852"]
[BlackElo "2578"]
[TimeControl "180+1"]
[EndTime "14:19:12 PDT"]
[Termination "yoursillykitten won by resignation"]

1. d4 Nf6 2. c4 e6 3. Nf3 b6 4. a3 Bb7 5. Nc3 d5 6. Bg5 Be7 7. e3 O-O 8. Qc2 dxc4 9. Bxc4 h6 10. Bh4 Nbd7 11. O-O Bxf3 12. gxf3 Ne8 13. Bg3 Bd6 14. Rad1 Bxg3 15. hxg3 Nd6 16. Ba2 Rc8 17. f4 Qe7 18. Bb1 g6 19. Qd3 Rfd8 20. e4 c5 21.
e5 Nf5 22. d5 h5 23. d6 Qf8 24. Kg2 Qh6 25. Ne4 h4 26. Qf3 hxg3 27. fxg3 Qg7 28.
Rh1 f6 29. Ba2 Re8 30. exf6 Nxf6 31. Nxf6+ Qxf6 32. d7 Qxb2+ 33. Kg1 Qxa2 34. dxc8=Q Rxc8 35. Qb7 Nd6 36. Qh7+ Kf8 37. Qh8+ Ke7 38. Rh7+ Nf7 39. Qxc8 Qe2 40. Qd7+ 1-0

[Event "Late-Titled-Tuesday-Blitz-June-18-2024"]
[Site "Chess.com"]
[Date "2024.06.18"]
[Round "2"]
[White "egnfanclub"]
[Black "Winner_7777"]
[Result "0-1"]
[WhiteElo "2352"]
[BlackElo "2566"]
[TimeControl "180+1"]
[EndTime "14:19:13 PDT"]
[Termination "Winner_7777 won by resignation"]

1. e4 c5 2. Nc3 d6 3. f4 Nc6 4.
Nf3 Nf6 5. Bc4 e6 6. d3 a6 7. O-O Be7 8. a4 O-O 9. Ba2 d5 10. e5 Nd7 11. Qe2 b5 12. axb5 axb5 13. Nxb5 Nb4 14. Na3 Bb7 15. Bd2 Qb6 16. Kh1 Nxa2 17.
Rxa2 Bc6 18. Rfa1 Qb7 19. d4 c4 20. Bc3 Nb6 21. Qd2 Na4 22. Nb1 h6 23. g4 Nxc3 24.
Nxc3 Bb4 25. f5 Rxa2 26. Rxa2 Ra8 27. Rxa8+ Qxa8 28. f6 Qa1+ 29. Kg2 Qxb2 30. fxg7 Kxg7 31. Nd1 Qb1 32. Qe2 Ba4 33. Ne3 Qc1 34. h4 Bc3 35. g5 hxg5 36. hxg5 Qb1 37. g6 fxg6 38. Ng5 Bd7 39.
Qf2 Bxd4 40. Qf7+ Kh6 41. Qf4 Bxe3 42. Qxe3 Qxc2+ 43. Kf3 Qb3 44. Nxe6+ Qxe3+ 45. Kxe3 Bxe6 46. Kd4 g5 47. Ke3 g4 48. Kf4 Kg6 49. Kg3 Kf5 0-1

[Event "Late-Titled-Tuesday-Blitz-June-18-2024"]
[Site "Chess.com"]
[Date "2024.06.18"]
[Round "2"]
[White "Sanan_Sjugirov"]
[Black "LaStreetCmaMaison"]
[Result "1-0"]
[WhiteElo "2965"]
[BlackElo "2614"]
[TimeControl "180+1"]
[EndTime "14:19:14 PDT"]
[Termination "Sanan_Sjugirov won on time"]

1. d4 d5 2. c4 e5 3. dxe5 Ne7 4. Nf3 Nbc6 5. a3 Bg4 6. Nbd2 dxc4 7. Qa4 Ng6 8. e3 a6 9. Qxc4 Ngxe5 10. Nxe5 Nxe5 11. Qe4 Bd6 12. f4 f5 13. Qxb7 Nd7 14. Bc4 Rb8 15. Qd5 Qh4+ 16. g3 Qe7 17. O-O Qxe3+ 18. Kh1 Kd8 19. Nf3 Qe7 20. Nd4 Rb6 21. Ne6+ Kc8 22. Be3 Nf6 23. Qg2 Rb8 24. Rfe1 Ne4 25. Bd5 Re8 26. Bd4 Qd7 27. Ng5 Nxg5 28. fxg5 Re7 29. Bc6 Qd8 30. Bf2 Be5 31. Bf3 Rxb2 32. Rad1 Qe8 33.
Bxg4 fxg4 34. Qa8+ Rb8 35. Qxa6+ Rb7 36. Rb1 c5 37.
Rxe5 Rxe5 38. Qxb7+ Kd8 39. Rd1+ 1-0

[Event "Late-Titled-Tuesday-Blitz-June-18-2024"]
[Site "Chess.com"]
[Date "2024.06.18"]
[Round "2"]
[White "HajiyevKanan"]
[Black "Bob_2004"]
[Result "1-0"]
[WhiteElo "2552"]
[BlackElo "2745"]
[TimeControl "180+1"]
[EndTime "14:19:14 PDT"]
[Termination "HajiyevKanan won by resignation"]

1. d4 d5 2. Nf3 Nf6 3. c4 e6 4.
cxd5 exd5 5. Nc3 c6 6. Qc2 g6 7. Bg5 Be7 8. e3 Bf5 9. Bd3 Bxd3 10. Qxd3 h6 11. Bf4 Nbd7 12. O-O Nh5 13. Be5 Nxe5 14. Nxe5 O-O 15. Rab1 a5 16. a3 Bd6 17. f4 Ng7 18. b4 axb4 19. axb4 Ra3 20. Qc2 Qa8 21. Nd7 Rd8 22. Nf6+ Kf8 23. Nh7+ Kg8 24. Nf6+ Kf8 25. Nh7+ Ke7 26. f5 Nxf5 27. Rxf5 gxf5 28. Rf1 Qc8 29. e4 dxe4 30. d5 Rh8 31. Nxe4 cxd5 32. Qb2 Qe6 33. Nxd6 Qe3+ 34. Kh1 Qc3 35. Nxf5+ Kd7 36. Qe2 Re8 37. Qb5+ Kd8 38. Qxd5+ Kc7 39. Qxf7+ Kb6 40.
Qxe8 Qd3 41. Ng3 Ra2 42. Qe6+ Ka7 43. Qxa2+ 1-0

[Event "Late-Titled-Tuesday-Blitz-June-18-2024"]
[Site "Chess.com"]
[Date "2024.06.18"]
[Round "2"]
[White "Smiechu"]
[Black "DishonorOnYourCow"]
[Result "1-0"]
[WhiteElo "2337"]
[BlackElo "2507"]
[TimeControl "180+1"]
[EndTime "14:19:14 PDT"]
[Termination "Smiechu won on time"]

1. e4 c5 2. Nf3 d6 3. d4 cxd4 4. Nxd4 Nf6 5. Nc3 a6 6. Be3 Ng4 7. Bc1 Nf6 8. Be3 e5 9. Nb3 Be7 10. Qd2 Be6 11. O-O-O Nbd7 12. f4 b5 13. f5 Bc4 14. g4 Bxf1 15. Rhxf1 Nxg4 16. Rg1 Nxe3 17. Qxe3 h6 18. Kb1 Bg5 19. Qd3 Nc5 20. Nxc5 dxc5 21.
Qg3 Qb8 22. h4 Bf6 23. Nd5 Qd6 24. Nxf6+ Qxf6 25. Qxg7 Qxg7 26. Rxg7 Ke7 27. c3 Rad8 28. Kc2 Rxd1 29. Kxd1 Kf6 30. Rg3 Rd8+ 31. Ke2 c4 32. b3 cxb3 33. axb3 a5 34. Rg1 a4 35. bxa4 bxa4 36.
Ra1 Ra8 37. Kd3 Ke7 38. Kc4 Kd6 39. Ra3 Kc6 40. Kb4 Rg8 41. Rxa4 Kb6 42. Kc4 Rc8+ 43. Kd3 Rg8 44. Rb4+ Kc6 45. Ra4 Kb6 46. Ra1 Rg4 47.
Ra8 Rxh4 48. Re8 Kc5 49. Rxe5+ Kd6 50. Rd5+ Kc6 51. Ra5 Rh1 52. Kd4 h5 53. Ra6+ Kd7 54. Rh6 h4 55. Ke5 h3 56. Kf6 h2 57. Kxf7 Rd1 58.
Rxh2 Re1 59. Rh4 Re3 60. f6 1-0

[Event "Late-Titled-Tuesday-Blitz-June-18-2024"]
[Site "Chess.com"]
[Date "2024.06.18"]
[Round "2"]
[White "Laico"]
[Black "Masterisback04"]
[Result "0-1"]
[WhiteElo "2438"]
[BlackElo "2108"]
[TimeControl "180+1"]
[EndTime "14:19:15 PDT"]
[Termination "Masterisback04 won on time"]

1. e4 c5 2. Nc3 Nc6 3. f4 g6 4. Nf3 Bg7 5. Bb5 Nd4 6. O-O e6 7.
d3 Ne7 8. Nxd4 cxd4 9. Ne2 O-O 10. Ba4 d5 11. Bb3 dxe4 12. dxe4 b5 13. Ng3 Bb7 14.
f5 exf5 15. exf5 Nd5 16. Qg4 h5 17. Qh3 Bc8 18. Bd2 a5 19. a4 bxa4 20. Rxa4 d3 21. cxd3 Qb6+ 22. Kh1 Qxb3 23. Rh4 Qxd3 24. Bc1 Bxf5 25.
Rxf5 gxf5 26. Qxf5 Qd1+ 27. Nf1 Qxc1 28. Rxh5 Nf6 29.
Rg5 Ra6 30. h4 Re8 31. Kh2 Re1 32. Ng3 Qe3 33. h5 Qg1+ 34. Kh3 Kf8 35. Qc8+ Re8 36.
Qxa6 Qe3 37. Qd6+ Qe7 0-1

[Event "Late-Titled-Tuesday-Blitz-June-18-2024"]
[Site "Chess.com"]
[Date "2024.06.18"]
[Round "2"]
[White "YouShallNotPass001"]
[Black "katharinareinecke"]
[Result "1-0"]
[WhiteElo "2441"]
[BlackElo "2049"]
[TimeControl "180+1"]
[EndTime "14:19:15 PDT"]
[Termination "YouShallNotPass001 won on time"]

1. e4 c6 2. Nc3 d5 3. Nf3 Bg4 4.
h3 Bxf3 5. Qxf3 e6 6. g3 Nf6 7. Bg2 Be7 8. d3 Nbd7 9. Bd2 d4 10.
Nd1 e5 11. O-O c5 12. b3 b5 13. a4 a6 14. Qe2 O-O 15. f4 Bd6 16. f5 Qc7 17. g4 c4 18. g5 Ne8 19. Nf2 cxb3 20. cxb3 bxa4 21. bxa4 a5 22. Ng4 Bb4 23. Rac1 Qd6 24.
f6 gxf6 25. gxf6 Bxd2 26. Qxd2 Kh8 27. Rf5 Nexf6 28. Nh6 Qe6 29. Rcf1 Rab8 30. Qg5 Rg8 31. Nxg8 Rxg8 32. Qh4 Rg6 33. Qf2 Qb3 34. Qd2 Qxa4 35. Kh2 Qb4 36. Qc2 a4 37. Rb1 Qa3 38. Rb7 Qa1 39.
Qc8+ Kg7 40. Rxd7 Nxd7 41. Qxd7 a3 42. Qxf7+ Kh6 43. Qf8+ Rg7 44. Rf6+ 1-0

[Event "Late-Titled-Tuesday-Blitz-June-18-2024"]
[Site "Chess.com"]
[Date "2024.06.18"]
[Round "2"]
[White "EmmaChess"]
[Black "DenLaz"]
[Result "0-1"]
[WhiteElo "2641"]
[BlackElo "3089"]
[TimeControl "180+1"]
[EndTime "14:19:16 PDT"]
[Termination "DenLaz won by checkmate"]

1. d4 f5 2. g3 Nf6 3. Bg2 g6 4. c4 Bg7 5. Nc3 O-O 6. Nh3 d6 7. d5 c6 8. Nf4 Qe8 9. O-O Na6 10. Be3 Bd7 11. Bd4 g5 12. Nd3 c5 13. Be3 Qg6 14.
a3 Nc7 15. Qc2 b5 16. b3 Kh8 17. Rab1 a5 18. a4 b4 19. Nb5 Nce8 20. Bxc5 dxc5 21. d6 Nxd6 22. Bxa8 Rxa8 23. Nxc5 Bc6 24. Rbd1 Nfe4 25. Nxe4 Bxe4 26. Qd2 Nf7 27. Qe3 f4 28. Qc5 Bf6 29. Rd7 f3 30. exf3 Bxf3 31. Re1 Rf8 32. Nd4 Ba8 33. Ne6 Rg8 34. Nc7 Bf3 35. Qe3 Qf5 36. Ne6 Bc6 37. Rc7 Ne5 38. Rd1 Nf3+ 39. Kf1 Nxh2+ 40. Ke1 Be4 41. Nd4 Nf3+ 42. Nxf3 Bxf3 43.
Rdd7 Qb1+ 44. Kd2 Qd1# 0-1

[Event "Late-Titled-Tuesday-Blitz-June-18-2024"]
[Site "Chess.com"]
[Date "2024.06.18"]
[Round "2"]
[White "BirdMaster3000"]
[Black "CM_rui"]
[Result "1-0"]
[WhiteElo "2785"]
[BlackElo "2543"]
[TimeControl "180+1"]
[EndTime "14:19:18 PDT"]
[Termination "BirdMaster3000 won on time"]

1. f4 d5 2. Nf3 c5 3. e3 Nc6 4. Bb5 g6 5. Bxc6+ bxc6 6. d3 Bg7 7. O-O h6 8. Nc3 Nf6 9. Na4 Qd6 10. b3 Nd7 11. Bb2 Bxb2 12. Nxb2 O-O 13. Qd2 e5 14. fxe5 Nxe5 15. Nxe5 Qxe5 16. Na4 c4 17. d4 Qe7 18. Nc5 Re8 19. Rae1 cxb3 20. axb3 Bf5 21. e4 dxe4 22. Qxh6 e3 23. Rf3 e2 24. c3 Rad8 25. Kf2 Bg4 26. Re3 Qf6+ 27. Kg1 Bh5 28.
Ne4 Qf5 29. Ng3 Qg4 30. h3 Qh4 31. Kh2 a5 32. Nf5 gxf5 33. Rg3+ Qxg3+ 34. Kxg3 Bg6 35. Kf2 Re4 36. Rxe2 Rb8 37. Rxe4 fxe4 38. h4 Rxb3 39. h5 Rb2+ 40. Kg3 e3 41. hxg6 1-0

[Event "Late-Titled-Tuesday-Blitz-June-18-2024"]
[Site "Chess.com"]
[Date "2024.06.18"]
[Round "2"]
[White "arctic_t00"]
[Black "maracayo"]
[Result "1-0"]
[WhiteElo "2731"]
[BlackElo "2431"]
[TimeControl "180+1"]
[EndTime "14:19:18 PDT"]
[Termination "arctic_t00 won on time"]

1. d4 d6 2. Nf3 Nf6 3. c4 c6 4. Nc3 Qa5 5. Bd2 Nbd7 6. g3 e5 7. Bg2 Qc7 8. Rc1 Be7 9. O-O O-O 10. e4 exd4 11. Nxd4 Re8 12. h3 Ne5 13. b3 Nd3 14.
Rb1 a5 15. Be3 Nc5 16. Qc2 h6 17. a3 Bf8 18. b4 axb4 19. axb4 Ncd7 20. f4 Ra3 21.
Ncb5 cxb5 22. Nxb5 Qc6 23. Nxa3 Nxe4 24. Nb5 Ndf6 25.
Bd4 d5 26. Na7 Qc7 27. Nxc8 Rxc8 28. Bxf6 Nxf6 29. c5 b6 30. Rbc1 bxc5 31. bxc5 Bxc5+ 32. Kh1 Nh5 33. Qd3 Qe7 34. Kh2 Rd8 35. Rfe1 Qf8 36.
Re5 Nf6 37. Bxd5 Bd6 38. Rf5 Be7 39. Qf3 g6 40. Re5 1-0